 Dungeon Crawl Stone Soup version 0.30-a0-718-geaa24f58ff (webtiles) character file.

Game seed: 227622447758814953

86 bmack86 the Covered (level 4, -6/40 HPs)
             Began as a Minotaur Fighter on Jan 26, 2023.
             Killed from afar by an orc wizard (8 damage)
             ... with a puff of flame
             ... on level 3 of the Dungeon.
             The game lasted 00:05:28 (1495 turns).

bmack86 the Covered (Minotaur Fighter)              Turns: 1495, Time: 00:05:28

Health: -6/40      AC:  7    Str: 22    XL:     4   Next: 26%
Magic:  3/3        EV:  9    Int:  5    God:
Gold:   93         SH:  4    Dex: 10    Spells: 3/3 levels left

rFire   . . .      SeeInvis .    a - +0 war axe
rCold   . . .      Faith    .    c - +0 buckler
rNeg    . . .      Spirit   .    b - +0 scale mail
rPois   .          Reflect  .    (helmet restricted)
rElec   .          Harm     .    (no cloak)
rCorr   .          Rampage  .    (no gloves)
Will    .....                    (no boots) Stlth
                                 (no amulet)
HPRegen 0.26/turn                (no ring)
MPRegen 0.08/turn                (no ring)

@: no status effects
A: horns 2, retaliatory headbutt
a: no special abilities


You were on level 3 of the Dungeon.
You visited 1 branch of the dungeon, and saw 3 of its levels.

You collected 93 gold pieces.

Inventory:

Hand Weapons
 a - a +0 war axe (weapon)
Armour
 b - a +0 scale mail (worn)
 c - a +0 buckler (worn)
Scrolls
 f - 2 scrolls of blinking {unknown}
 g - a scroll of poison
 j - a scroll of fear
 k - a scroll of teleportation {unknown}
 l - a scroll of amnesia {unknown}
Potions
 d - 2 potions of heal wounds
 h - 3 potions of lignification
 i - a potion of ambrosia
 m - a potion of brilliance {unknown}
 n - a potion of might
 o - a potion of degeneration {unknown}


   Skills:
 + Level 4.2 Fighting
 * Level 4.0 Axes
 + Level 4.2 Armour
 + Level 4.2 Shields


You had 3 spell levels left.
You didn't know any spells.
Your spell library was empty.

Dungeon Overview and Level Annotations

Branches:
Dungeon (3/15)

Altars:


Innate Abilities, Weirdness & Mutations

You have a pair of horns on your head.
You reflexively headbutt those who attack you in melee.


Message History

The orc priest calls down the wrath of Beogh upon you.
Beogh smites you!
The orc wizard hits you but does no damage.
You closely miss the orc wizard. You closely miss the orc.
Your headbutt misses the orc. You slash the quokka!
You kill the quokka!
The orc wizard hits you with a +0 dagger.
You hear some strange, mumbled words.
Something tries to affect you, but you resist.
The orc closely misses you. You block the orc wizard's attack.
The orc barely misses you.
You barely miss something. Your headbutt misses something. You slash the orc!
You kill the orc!
You hit the orc wizard but do no damage.
You slash the orc!
You kill the orc!
The orc wizard barely misses you.
The orc priest hits you from afar with a +0 trident.
You hear some strange, mumbled words.
A puff of flame appears from out of thin air!
The puff of flame hits you!
You slash the orc wizard!
The orc wizard is severely wounded.
You barely miss something. Something hits you.
* * * LOW HITPOINT WARNING * * *
The orc wizard barely misses you. You furiously retaliate!
You headbutt the orc wizard. You block the orc priest's attack.
You completely miss the orc wizard.
The orc wizard is severely wounded.
You hit something.
The orc wizard hits you but does no damage.
You block something's attack.
The orc priest hits you from afar with a +0 trident.
* * * LOW HITPOINT WARNING * * *
Something hits you but does no damage.
The orc priest hits you from afar with a +0 trident.
* * * LOW HITPOINT WARNING * * *
The orc wizard points at you and mumbles some strange words.
The puff of flame hits you!
You die...

.. .. ....
....... .. .....
....... .. .....
....... ..
.[...##+#...$...
..
#...............
#
#........o......
#.......o)......
#.......@{......
#......)..#.#...
#..............
#........##.#..
#######'## .#
#<......# #
#########


You could see an orc priest and an orc wizard.

Vanquished Creatures
  3 adders (D:2)
  A dart slug (D:1)
  2 orcs (D:3)
  8 endoplasms
  3 giant cockroaches (D:1)
  3 goblins (D:1)
  A hobgoblin (D:2)
  2 jackals (D:1)
  2 quokkas
  5 ball pythons
  7 bats
  3 frilled lizards
  5 kobolds
  11 rats
56 creatures vanquished.

Notes
Turn   | Place    | Note
-------+----------+-------------------------------------------
     0 | D:1      | bmack86 the Minotaur Fighter began the quest for the Orb.
     0 | D:1      | Reached XP level 1. HP: 19/19 MP: 0/0
     1 | D:1      | Found a runed translucent door.
   191 | D:1      | Reached XP level 2. HP: 26/27 MP: 1/1
   671 | D:1      | Reached XP level 3. HP: 28/33 MP: 2/2
   927 | D:2      | You fall into a shaft and drop 1 floor!
  1070 | D:2      | Reached XP level 4. HP: 37/40 MP: 3/3
  1495 | D:3      | HP: 2/40 [orc priest/+0 trident (4)]
  1495 | D:3      | Killed from afar by an orc wizard

Illustrated notes

Levels and vault maps discovered:
D:1:      dpeg_arrival_caged_fury, layout_basic
D:2:      layout_loops_ring, st_stairs_5, minmay_pentomino_u4
D:3:      layout_basic, mainiacjoe_overflow_catwalk, okawaru_gym_becter,
          wad_floor_pattern_2

Skill      XL: |  1  2  3  4 |
---------------+-------------+-----
Axes           | 3 4 |  4.0
Armour         | 4 |  4.2
Fighting       | 4 |  4.2
Shields        | 4 |  4.2

Action                     |  1- 3 |  4- 6 || total
---------------------------+-------+-------++-------
  Melee: War axe           |    84 |    15 ||    99
         Headbutt          |     5 |     2 ||     7
    Use: Potion            |     1 |       ||     1
         Scroll            |     4 |     1 ||     5
 Armour: Scale mail        |    57 |    12 ||    69
  Dodge: Dodged            |    45 |    14 ||    59
  Block: Buckler           |    18 |     3 ||    21

Table legend: (Time is in decaauts)
 A = Elapsed time spent in this place.
 B = Non-inter-level travel time spent in this place.
 C = Inter-level travel time spent in this place.
 D = Time resting spent in this place.
 E = Time spent auto-exploring this place.
 F = Levels seen in this place.
 G = Mean time per level.
                   A        B        C        D        E       F      G
               +--------+--------+--------+--------+--------+-----+--------+
         Total |   1531 |   1477 |     54 |      0 |    930 |   3 |  510.3 |
       Dungeon |   1531 |   1477 |     54 |      0 |    930 |   3 |  510.3 |
               +--------+--------+--------+--------+--------+-----+--------+

Top non-repeatable levels by time:
     D:2: 726 daAuts
     D:1: 715 daAuts
     D:3: 89 daAuts
